Cogmind - Beta 16 @@@ ROGUE MODE // 2026.01.25 @ 21:02:14 Player: Lazz Result: Destroyed by D-53 Grenadier with Mini Grenade Launcher Performance ------------- Evolutions (0) 0 Regions Visited (2) 400 Robots Destroyed (13) 65 Value Destroyed (247) 247 Prototype IDs (0) 0 Alien Tech Used (0) 0 Bonus (0) 0 TOTAL SCORE: 712 Bonus ------- None Cogmind --------- Core Integrity 0/250 Matter 300/300 Energy 98/100 System Corruption 0% Temperature Cool (0) Movement Rolling (95) Ox1 Location -10/Mines Parts ------- > --- POWER (1) -------- (None) > --- PROPULSION (2) --- Wheel Wheel > --- UTILITY (2) ------ Large Storage Unit Light Armor Plating > --- WEAPON (2) ------- (None) > --- INVENTORY (15) --- Wheel Wheel Wheel Medium Matter Pod (100) Sensor Array Improved Terrain Scanner Heavy Assault Rifle Peak State ------------ > --- POWER ------------ Light Ion Engine > --- PROPULSION ------- Wheel Wheel > --- UTILITY ---------- Large Storage Unit Improved Terrain Scanner > --- WEAPON ----------- Medium Laser Light Assault Rifle > --- INVENTORY -------- Wheel Wheel Wheel Wheel Medium Matter Pod Sensor Array Medium Laser Mining Laser Mining Laser Mining Laser [Rating: 10] Favorites ----------- Power Light Ion Engine Engine Light Ion Engine Propulsion Wheel Wheel Wheel Utility Improved Terrain Scanner Device Improved Terrain Scanner Storage Small Storage Unit Protection Light Armor Plating Weapon Medium Laser Energy Gun Medium Laser Ballistic Gun Light Assault Rifle Special Weapon Mining Laser Build | -11 -10 -10 ------- Run | Yrd Mat Min Slots Evolved . | . . . Power . | . . . Propulsion . | . . . Utility . | . . . Weapon . | . . . Parts Attached 15 | 7 3 5 Power 1 | 1 . . Engine 1 | 1 . . Core . | . . . Reactor . | . . . Propulsion 3 | 2 . 1 Treads . | . . . Leg . | . . . Wheel 3 | 2 . 1 Hover . | . . . Flight . | . . . Utility 4 | 2 1 1 Device 1 | 1 . . Storage 2 | 1 1 . Processor . | . . . Hackware . | . . . Protection 1 | . . 1 Artifact . | . . . Weapon 7 | 2 2 3 Energy Gun 2 | 1 1 . Energy Cannon . | . . . Ballistic Gun 1 | 1 . . Ballistic Cannon . | . . . Launcher . | . . . Special Weapon 4 | . 1 3 Impact Weapon . | . . . Slashing Weapon . | . . . Piercing Weapon . | . . . Special Melee Weapon . | . . . Unidentified Prototypes . | . . . Parts Lost 9 | . 1 8 Power 1 | . . 1 Propulsion 1 | . . 1 Utility . | . . . Weapon 7 | . 1 6 Highest Loss Streak 6 | . 1 6 To Critical Strikes . | . . . Average Backups 6 | 6 7 7 Power . | . . . Propulsion 4 | 4 4 3 Utility 1 | . 1 2 Weapon 1 | 1 2 1 Tool/Special . | . . . Unused Backups 8 | 3 . 5 Power . | . . . Propulsion 6 | 3 . 3 Utility 1 | . . 1 Weapon 1 | . . 1 Tool/Special . | . . . Average Slot Usage (%) 94 | . 99 87 Engine 10 | . 14 6 Wheel 27 | . 28 26 Device 12 | . 14 10 Storage 14 | . 14 14 Protection 1 | . . 3 Energy Gun 18 | . 20 15 Ballistic Gun 4 | . 5 4 Special Weapon 3 | . 1 4 Peak Build Rating 10 | 9 10 10 Average Rating 8 | 8 9 8 On Entrance 6 | . 9 10 Avg Prop Armor Cover (%) . | . . . Naked Turns . | . . . Heaviest Build 28 | 12 28 27 Greatest Support 20 | 20 20 20 Greatest Overweight (x) 2 | . 1 2 Average Overweight (x) . | . . 1 Largest Inventory Capacity 15 | 8 15 15 Average Capacity 10 | 7 11 15 Most Carried 10 | 8 10 10 Average Carried 6 | 6 7 7 Final Capacity 15 | 8 15 15 Final Carried 10 | 7 10 7 Class Distribution -------------------- 100% | Mutant Dominant Class ---------------- Mutant | -10/Materials Mutant | -10/Mines Resources | -11 -10 -10 ----------- Run | Yrd Mat Min Matter Collected 476 | 372 36 68 Remotely . | . . . Salvage Created 412 | 197 84 131 Parts 21 | 15 5 1 Haulers Intercepted 1 | . 1 . Recyclers Shooed 1 | 1 . . Parts Field Recycled . | . . . Retrieved Matter . | . . . Parts Self-Destructed . | . . . Prevented . | . . . Parts Restored . | . . . Kills | -11 -10 -10 ------- Run | Yrd Mat Min Combat Hostiles Destroyed 5 | . 1 4 Guns 4 | . 1 3 Cannons 1 | . . 1 Classes Destroyed 6 | 3 2 1 Worker 3 | 3 . . Tunneler 3 | 3 . . Hauler 1 | . 1 . Recycler 1 | 1 . . Grunt 3 | . 1 2 Sentry 2 | . . 2 Best Kill Streak 2 | 2 1 2 Combat Bots Only 2 | . 1 2 Max Kills in Single Turn 1 | 1 1 1 Gunslinging . | . . . Exploded . | . . . Melee . | . . . Uniques/NPCs Destroyed . | . . . Combat | -11 -10 -10 -------- Run | Yrd Mat Min Hostile Shots Fired 60 | . 19 41 Missed 10 | . 5 5 Hits 50 | . 14 36 Projectile 50 | . 14 36 AOE 6 | . . 6 Critical Strikes 2 | . . 2 Damage Taken 932 | . 193 739 Core 272 | . 80 192 Absorbed by Shields . | . . . Core Remaining (%) 100 | 100 . . Volleys Fired 48 | 21 11 16 Largest 2 | 2 2 2 Hottest 200 | 70 150 200 Shots Fired 88 | 41 18 29 Gun 79 | 41 14 24 Cannon . | . . . Launcher . | . . . Special 9 | . 4 5 Kinetic 30 | 21 4 5 Thermal 58 | 20 14 24 Explosive . | . . . Electromagnetic . | . . . Robot Hit Streak 14 | 6 5 14 Robot Miss Streak 2 | 2 1 2 Penetration Max . | . . . Secondary Targets . | . . . Shots Hit Robots 63 | 24 13 26 Core Hits 23 | 10 6 7 Critical Kills . | . . . Critical Parts Destroyed . | . . . Critical Strikes 3 | 1 1 1 Burn 3 | 1 1 1 Melee Attacks . | . . . Impact . | . . . Slashing . | . . . Piercing . | . . . Sneak Attacks . | . . . Combat Hostiles . | . . . Follow-up Attacks . | . . . Damage Inflicted 749 | 251 151 347 Guns 629 | 251 127 251 Cannons . | . . . Explosions . | . . . Melee . | . . . Ramming . | . . . Kinetic 167 | 100 27 40 Thermal 582 | 151 124 307 Explosive . | . . . Electromagnetic . | . . . Impact . | . . . Slashing . | . . . Piercing . | . . . Highest Corruption . | . . . Average Corruption . | . . . Corruption Purged . | . . . Corruption Blocked . | . . . Overload Shots . | . . . Overflow Damage . | . . . Projectiles . | . . . Explosions . | . . . Melee . | . . . Knockbacks . | . . . Impact . | . . . Kinetic . | . . . Secondary . | . . . Self-Inflicted Damage . | . . . Shots . | . . . Rammed . | . . . Targets Rammed . | . . . Kicked . | . . . Crushed . | . . . Highest Temperature 273 | 100 273 218 Average Temperature 83 | 48 116 93 Received Heat Transfer 390 | . 111 279 Siege Activations . | . . . Martial Activations . | . . . Shielding Activations . | . . . Robots Disrupted . | . . . Combat Hostiles . | . . . Robots Corrupted . | . . . Combat Hostiles . | . . . Parts Fried . | . . . Impact Corruptions . | . . . Robots Melted . | . . . Combat Hostiles . | . . . Parts Melted 3 | . 1 2 Heat Transferred 1841 | 518 420 903 Parts Sabotaged . | . . . Parts Stolen . | . . . Parts Stripped . | . . . Power Chain Reactions . | . . . Alert | -11 -10 -10 ------- Run | Yrd Mat Min Maximum Alert Level . | . . . Low Security (%) 100 | 100 100 100 Level 1 . | . . . Level 2 . | . . . Level 3 . | . . . Level 4 . | . . . Level 5 . | . . . High Security . | . . . Max Security . | . . . Peak Influence 30 | 10 20 30 Initial 3 | . 3 1 Average 4 | 1 5 10 Influence Increases 184 | 35 58 91 Destroy 0b10 Robot/C 100 | . 20 80 Destroy 0b10 Robot/NC 40 | 35 5 . Destroy Leader 12 | . 2 10 Disable Machine 15 | . 15 . Destroy Structure 2 | . 1 1 Lose Combat Pursuer 15 | . 15 . Influence Decreases 184 | 30 58 96 Entered New Map 6 | . 2 4 Time Decay 145 | 30 55 60 Lost Part 33 | . 1 32 Squads Dispatched 1 | . 1 . Investigation . | . . . Extermination . | . . . Reinforcement 1 | . 1 . Assault . | . . . Garrison . | . . . Intercept . | . . . Searches Triggered . | . . . Construction Impeded . | . . . Haulers Reinforced . | . . . Active Scanning Responses . | . . . Cargo Convoy Interrupts . | . . . Stealth | -11 -10 -10 --------- Run | Yrd Mat Min Distress Signals . | . . . Communications Jammed . | . . . Distress Signals . | . . . Times Spotted 9 | . 3 6 Peak Tracking Total 3 | . 3 2 Tactical Retreats 1 | . 1 . Traps | -11 -10 -10 ------- Run | Yrd Mat Min Traps Triggered . | . . . Indirectly . | . . . Trap Hack Attempts . | . . . Triggered . | . . . Disarmed . | . . . Reprogrammed . | . . . Reused . | . . . Traps Extracted . | . . . Installed . | . . . Triggered . | . . . Machines | -11 -10 -10 ---------- Run | Yrd Mat Min Machines Disabled 1 | . 1 . Max in Single Turn 1 | . 1 . Machines Repaired . | . . . Machines Dismantled . | . . . Machines Sabotaged . | . . . Overloaded Fab Kills . | . . . Hacking | -11 -10 -10 --------- Run | Yrd Mat Min Machines Accessed . | . . . Terminals . | . . . Fabricators . | . . . Repair Stations . | . . . Recycling Units . | . . . Scanalyzers . | . . . Garrison Access . | . . . Total Hacks . | . . . Successful . | . . . Failed . | . . . Catastrophic . | . . . Database Lockouts . | . . . Manual . | . . . Terminals . | . . . Fabricators . | . . . Repair Stations . | . . . Recycling Units . | . . . Scanalyzers . | . . . Garrison Access . | . . . Terminal Hacks . | . . . Fabricator Hacks . | . . . Repair Station Hacks . | . . . Recycling Unit Hacks . | . . . Scanalyzer . | . . . Garrison Access Hacks . | . . . Unauthorized Hacks . | . . . Terminals . | . . . Fabricators . | . . . Repair Stations . | . . . Recycling Units . | . . . Scanalyzers . | . . . Garrison Access . | . . . Data Cores Recovered . | . . . Used . | . . . Hacking Detections . | . . . Full Trace Events . | . . . Feedback Events . | . . . Feedback Blocked . | . . . Robot Schematics Acquired . | . . . Robots Built . | . . . Authchips . | . . . Time . | . . . Total Robot Build Rating . | . . . Part Schematics Acquired . | . . . Parts Built . | . . . Authchips . | . . . Time . | . . . Total Part Build Rating . | . . . Part Studies Acquired . | . . . Parts Repaired . | . . . Time . | . . . Parts Recycled . | . . . Recycled Matter . | . . . Retrieved Matter . | . . . Retrieved Components . | . . . Parts Scanalyzed . | . . . Part Schematics Acquired . | . . . Parts Damaged . | . . . Bothacking | -11 -10 -10 ------------ Run | Yrd Mat Min Used RIF Installer . | . . . Robots Hacked . | . . . Non-combat . | . . . Combat . | . . . Robot Hacks Applied . | . . . Relay Couplers Released . | . . . Fabnet Peak Effective % . | . . . Robots Rewired . | . . . Allies Hacked . | . . . Hacks Repelled . | . . . Allies | -11 -10 -10 -------- Run | Yrd Mat Min Total Allies . | . . . Largest Group . | . . . Highest-Rated Group . | . . . Highest-Rated Ally . | . . . Total Orders . | . . . Ally Attacks . | . . . Total Damage . | . . . Kills . | . . . Allies Corrupted . | . . . Allies Melted . | . . . Intel | -11 -10 -10 ------- Run | Yrd Mat Min Active Infowar (turns) 586 | 278 208 100 Terrain 586 | 278 208 100 Robot Analysis Total . | . . . Derelict Logs Recovered . | . . . Drone Launches . | . . . Drone Recoveries . | . . . Exploration | -11 -10 -10 ------------- Run | Yrd Mat Min Turns Passed 685 | 331 208 146 Spaces Moved 266 | 88 111 67 Core 6 | 6 . . Treads . | . . . Legs . | . . . Wheels 260 | 82 111 67 Hover . | . . . Flight . | . . . Fastest Speed 50 | 50 80 95 Average Speed 86 | 77 88 95 Slowest Speed 110 | 80 95 110 Overloaded Moves . | . . . Propulsion Burnouts . | . . . Robots Hopped . | . . . Potential Cave-ins . | . . . Cave-ins Triggered . | . . . Exploration Rate (%) 16 | 5 26 18 Regions Visited 2 Branch Regions 1 Pre-discovered Areas . | . . . Known Exits Taken . | . . . Unknown Exits Taken 2 | 1 1 . Scrap Searched 1 | . . 1 Spaces Dug . | . . . Terrain Destroyed 2 | . 1 1 Melee . | . . . Projectile 2 | . 1 1 AOE . | . . . Terrain Rammed . | . . . Walls Destroyed . | . . . Machines Disabled . | . . . Actions | -11 -10 -10 --------- Run | Yrd Mat Min Total 615 | 311 194 110 Wait 263 | 183 63 17 Move 264 | 87 110 67 Hop . | . . . Pick Up 15 | 10 4 1 Fast Attach 8 | 7 . 1 Attach 6 | . 1 5 Detach 1 | . . 1 Swap 6 | . 4 2 Drop 4 | 3 1 . Fire 48 | 21 11 16 Melee . | . . . Ram . | . . . Kick . | . . . Crush . | . . . Escape Stasis . | . . . Rewire . | . . . Trap . | . . . Miscellaneous . | . . . Route ------- -11/Scrapyard -10/Materials -10/Mines History --------- Turn | Location | Event 18 | -11/Scrapyard | Discovered new exit (range 16) 332 | -11/Scrapyard | Entered Materials 385 | -10/Materials | Build established: Mutant 510 | -10/Materials | Discovered new exit (range 6) 540 | -10/Materials | Entered Mines 607 | -10/Mines | Core integrity fell below 50% 616 | -10/Mines | Core integrity fell below 20% 636 | -10/Mines | Assembled infested the area 643 | -10/Mines | Lost 6 parts (1p1n4w) 686 | -10/Mines | Destroyed by D-53 Grenadier with Mini Grenade Launcher Last Messages --------------- 00614_ Y-45 Defender destroyed. 00629_ Lgt. Armor Plating melted. 00629_ Heat Sink melted. 00629_ Y-45 Defender destroyed. 00633_ Acquired 23 matter. 00636_ ALERT: Infestation in the mines, dispatching Demolisher response squad. 00636_ Acquired Hvy. Assault Rifle. 00642_ Acquired Lgt. Armor Plating. 00648_ U-05 Engineer destroyed. 00659_ R-06 Scavenger collects Terrain Scanner. 00663_ K-01 Serf suffers critical hit (Burn). 00670_ T-07 Excavator is excavating. 00680_ C-45 Heavy ARC bursts open, deploying its payload. 00680_ D-53 Grenadier unfolds itself. 00682_ Plasma Injector explodes. 00682_ Med. Laser destroyed. 00682_ Plasma Injector explodes. 00682_ Med. Laser destroyed. Map ----- +----------------------------------------------------+ | | | | | ?????????????????????????????????????? | | ?????????????????????????????????????? | | ?????????????????????????????????????? | | ?????????????????????????????????????? | | ?????????????????????????????????????? | | ?????????????????????????????????????? | | ?????????????????????????????????????? | | ?????????????????????????????????????? | | ?????????????????????????????????????? | | ?????????????????????????????????????? | | ?????????????????????????????????????? | | ????????????????????????????#????????? | | ???????????????????????????? ????????? | | ???????????????????????????? ????????? | | ???????????????????????????? ????????? | | ???????????????????????????? ????????? | | ???????????????????????????? ????????? | | ????????????###??????##????# ????????? | | ???????????? ?????? #???# #???????? | | ????????????# #??????# #???# #???????? | | ????????????# #??????# #???# #???????? | | ??????????### ######## #???# #???????? | | ?????????##;; ;; ##### #?????#?? | | ????????## @ ## #??????#? | | ????????#; ## #???????? | | ????????## ##%##????#?? | | ????????#; dd " #?????## | | ????????## ### #????##" | | ????????#; #?# #????#!] | | ????????## #?# #????#!! | | ?????????# #?# #????## | | ?????????#### #######?# #???#### | | ????????????#########???????# ##### | | ????????????????????????????# | | ????????????????????????????# # | | ????????????????????????????###### # | | ??????????????????????????????#### | | ??????????????????????????? * =% | | ??????????????????????????%|%=% | | | ?????????????????????????############# | | ?????????????????????????????????????? | | ?????????????????????????????????????? | | ?????????????????????????????????????? | | ?????????????????????????????????????? | | ????????????????????????????????#????? | | ???????????????????????????????????#?? | | ??????????????????????????????????#??? | | ?????????????????????????????????????? | +----------------------------------------------------+ Best States ------------- Heat Dissipation 25 Energy Generation 10 Energy Capacity 125 Matter Stores 300 Matter Capacity 300 Sight Range 16 Terrain Scan Range 16 Terrain Scan Density 10 Armor Coverage 150 Evasion (%) 44 Item Schematics ----------------- None Robot Schematics ------------------ None Fabricated ------------ Nothing Repaired ---------- Nothing Studied --------- None Alien Tech Used ----------------- None Achievements -------------- None Challenges ------------ None Game ------ Seed AblativeCoolantSaw Manual? 0 Play Time 00:07:44 Cumulative 135.5 hours Start 2026.01.25 @ 20:56:32 End 2026.01.25 @ 21:02:14 Sessions 1 Manual Loads 0 Difficulty Rogue Special Mode None Game No. 196 Rogue 196 Adventurer 0 Explorer 0 Win Type - Total 1 Types 1/0/0/0/0/0/0/0/0/0 Lore% 64 Gallery% 58 Achievement% 42 Wizard Run 0 Options --------- Layout 2 ASCII 0 Keyboard 0 Movement Vi Keybinds 0 Fullscreen 1 Font 16/SmallcapsGlow Map View 50x44 Zoom Use 0% Tactical HUD 1 Map Filters NONE Filters NONE Steam SD RUN: f1540d65-e605-4962-afe0-ad41e41435f5